 Dungeon Crawl Stone Soup version 0.30-a0-989-g0d87f670db (webtiles) character file.

Game seed: 7133381032144090048

98 Juicyj the Chopper (level 4, -2/41 HPs)
             Began as a Hill Orc Monk on Apr 3, 2023.
             Slain by a goblin
             ... wielding a +0 club
             ... led by Robin
              (4 damage)
             ... on level 2 of the Dungeon.
             The game lasted 00:03:44 (2357 turns).

Juicyj the Chopper (Hill Orc Monk)                  Turns: 2357, Time: 00:03:45

Health: -2/41      AC:  2    Str: 12 (15) XL:     4   Next: 69%
Magic:  4/4        EV: 12    Int:  8 (10) God:
Gold:   80         SH:  0    Dex: 10 (13) Spells: 3/3 levels left

rFire   . . .      SeeInvis .    a - +1 hand axe
rCold   . . .      Faith    .    (no shield)
rNeg    . . .      Spirit   .    b - +0 robe
rPois   .          Reflect  .    (no helmet)
rElec   .          Rampage  .    (no cloak)
rCorr   .                        (no gloves)
Will    .....                    (no boots)
Stlth   ++                       (no amulet)
HPRegen 0.26/turn                (no ring)
MPRegen 0.09/turn                (no ring)

@: no status effects
A: no striking features
a: no special abilities


You were on level 2 of the Dungeon.
You visited 1 branch of the dungeon, and saw 4 of its levels.

You collected 80 gold pieces.

Inventory:

Hand Weapons
 a - a +1 hand axe (weapon)
Armour
 b - a +0 robe (worn)
Scrolls
 d - a scroll of fear
 i - a scroll of amnesia
 j - 2 scrolls of blinking
Potions
 e - a potion of brilliance
 h - a potion of lignification


   Skills:
 + Level 4.3 Fighting
 + Level 4.8 Axes
 + Level 1.0 Throwing
 + Level 2.9 Dodging
 + Level 2.3 Stealth


You had 3 spell levels left.
You didn't know any spells.
Your spell library contained the following spells:

 Spells                   Type           Power      Damage    Failure   Level
 Lesser Beckoning         Tloc           0%         N/A       54%         2
 Gell's Gravitas          Tloc           0%         N/A       78%         3
 Teleport Other           Tloc           0%         N/A       78%         3


Dungeon Overview and Level Annotations

Branches:
Dungeon (4/15)
 Temple: D:4-7

Altars:

Annotations:
D:3 1 runed translucent door, Grinder, Robin
D:4 Pikel


Message History

You kill the goblin!
Throw: 3 darts (poison)
Press: ? - help, Q - select action Shift-Dir - straight line, f - goblin
Aim: a goblin, wielding a +0 dagger (heavily wounded, poisoned, 50% to hit)
You throw a poisoned dart. The poisoned dart misses the goblin.
The poisoned dart hits the goblin.
The goblin is poisoned.
Throw: 2 darts (poison)
Press: ? - help, Q - select action Shift-Dir - straight line, f/p - goblin
Aim: a goblin, wielding a +0 dagger (heavily wounded, poisoned, 50% to hit)
You throw a poisoned dart.
The poisoned dart barely misses the goblin.
The poisoned dart hits the goblin.
The goblin looks even sicker.
The goblin is heavily wounded.
You kill the goblin!
Throw: dart (poison)
Press: ? - help, Q - select action Shift-Dir - straight line, f/p - goblin
Aim: a goblin, wielding a +0 dagger (heavily wounded, poisoned, 50% to hit)
You throw a poisoned dart. The poisoned dart hits the goblin.
The goblin looks even sicker.
The goblin is heavily wounded.
You kill the goblin!
You see here an adder skeleton.
The goblin attacks as you move away! The goblin hits you with a +0 club.
* * * LOW HITPOINT WARNING * * *
There is a stone staircase leading up, spattered with blood here.
You closely miss the goblin. The goblin closely misses you.
Grinder shouts!
You hit the goblin.
The goblin is moderately wounded.
Grinder blinks!
The goblin hits you with a +0 club.
* * * LOW HITPOINT WARNING * * *
The goblin hits you with a +0 club.
* * * LOW HITPOINT WARNING * * *
You climb upwards.
There is a stone staircase leading down here.
You miss the goblin. The goblin hits you with a +0 club.
* * * LOW HITPOINT WARNING * * *
You closely miss the goblin. The goblin hits you with a +0 club.
You die...

#..##).##............#.#
#..##..##.......######.#
####..##..##.......# #.###
#.....##.........#.######....
#########.####.#.#.#.........
#..........#...#.#.#######.
#.#####........#...........
#.#..#.).g.#....<#..#######
#.#..#.###@................
#.#..#.# #####.....########
#.#....# #......'..# #.##.###
#..(...#..####
#.##.########......#.....##
#.##.......##.####.##.##..#
#.########.##.#.##.##.###.#
#.# #.##.#.##.##.# #.# #.#
#.##...†..##.# #.#


You could see a goblin.

Vanquished Creatures
  4 adders
  A worm (D:3)
  2 dart slugs
  5 ball pythons
  3 bats
  4 endoplasms
  10 goblins
  4 hobgoblins
  6 jackals
  5 frilled lizards
  2 kobolds
  9 rats
55 creatures vanquished.

Notes
Turn   | Place    | Note
-------+----------+-------------------------------------------
     0 | D:1      | Juicyj the Hill Orc Monk began the quest for the Orb.
     0 | D:1      | Reached XP level 1. HP: 19/19 MP: 1/1
   121 | D:1      | Reached XP level 2. HP: 20/27 MP: 2/2
   467 | D:1      | Reached XP level 3. HP: 33/33 MP: 3/3
  1439 | D:2      | Reached XP level 4. HP: 32/40 MP: 4/4
  1787 | D:3      | Found a runed translucent door.
  1808 | D:3      | Noticed Grinder
  1837 | D:3      | Paralysed by Grinder for 4 turns
  1840 | D:3      | HP: 1/40 [Grinder (3)]
  2191 | D:4      | Noticed a lemure
  2191 | D:4      | Noticed Pikel
  2313 | D:3      | Reached skill level 1 in Throwing
  2314 | D:3      | Noticed Robin
  2356 | D:2      | HP: 1/41 [goblin/+0 club[Robin] (3)]
  2357 | D:2      | Slain by a goblin

Illustrated notes

Levels and vault maps discovered:
D:1:      evilmike_arrival_rings, layout_rooms, dk_noncrumbling_4, st_stairs_9
D:2:      layout_basic
D:3:      layout_rooms, jmf_multi_god_temple, ebering_ghost_sewer_d,
          uniq_grinder, uniq_robin
D:4:      layout_cave_pools, fedhas_altar_2, nicolae_wu_jian_glorious_leap,
          kennysheep_mini, minmay_temple_entry_mist, serial_shops, shop_statue,
          roderic_serpentine_path, uniq_pikel, uniq_blork_the_orc

Skill      XL: |  1  2  3  4 |
---------------+-------------+-----
Fighting       | 4 |  4.3
Stealth        | 2 |  2.3
Throwing       | 1 |  1.0
Axes           | |  4.8
Dodging        | |  2.9

Action                     |  1- 3 |  4- 6 || total
---------------------------+-------+-------++-------
  Melee: Hand axe          |   106 |    66 ||   172
         Punch             |     1 |     1 ||     2
  Throw: Dart              |       |     6 ||     6
    Use: Scroll            |       |     7 ||     7
         Potion            |       |     5 ||     5
   Stab: Sleeping          |     3 |     2 ||     5
 Armour: Robe              |    26 |     6 ||    32
  Dodge: Dodged            |    75 |    25 ||   100

Table legend: (Time is in decaauts)
 A = Elapsed time spent in this place.
 B = Non-inter-level travel time spent in this place.
 C = Inter-level travel time spent in this place.
 D = Time resting spent in this place.
 E = Time spent auto-exploring this place.
 F = Levels seen in this place.
 G = Mean time per level.
                   A        B        C        D        E       F      G
               +--------+--------+--------+--------+--------+-----+--------+
         Total |   2350 |   2330 |     20 |    374 |   1520 |   4 |  587.5 |
       Dungeon |   2350 |   2330 |     20 |    374 |   1520 |   4 |  587.5 |
               +--------+--------+--------+--------+--------+-----+--------+

Top non-repeatable levels by time:
     D:2: 1045 daAuts
     D:1: 638 daAuts
     D:4: 347 daAuts
     D:3: 318 daAuts
